 Dungeon Crawl Stone Soup version 0.31-a0-236-g9a0961fb85 (webtiles) character file.

Game seed: 14880179932643340491

201 qw the Shooter (level 5, -3/31 HPs)
             Began as a Gargoyle Hexslinger on July 10, 2023.
             Shot with an arrow by a centaur (10 damage)
             ... on level 7 of the Dungeon.
             The game lasted 00:01:07 (2369 turns).

qw the Shooter (Gargoyle Hexslinger)                Turns: 2369, Time: 00:01:08

Health: -3/31      AC: 15    Str: 12    XL:     5   Next: 79%
Magic:  6/6        EV: 10    Int: 13    God:
Gold:   153        SH:  0    Dex: 14    Spells: 5/6 levels left

rFire   . . .        Y - +1 sling
rCold   . . .        (no shield)
rNeg    + . .        k - +0 ring mail
rPois   inf          f - +2 helmet
rElec   +            a - +1 cloak
rCorr   .            (no gloves)
SInv    .            e - +0 pair of boots
Will    .....        i - amulet of faith
Stlth   +            (no ring)
HPRegen 0.25/turn    (no ring)
MPRegen 0.10/turn

%: faith
@: no status effects
A: sickness immunity, AC +4, negative energy resistance 1, electricity
resistance, torment resistance 1, petrification resistance
a: no special abilities


You were on level 7 of the Dungeon.
You visited 1 branch of the dungeon, and saw 5 of its levels.

You collected 153 gold pieces.


Innate Abilities, Weirdness & Mutations

You are immune to sickness and miasma.
Your stone body is resilient. (AC +4)
You are immune to poison.
You resist negative energy. (rN+)
You are resistant to electric shocks. (rElec)
You are resistant to unholy torment.
You are immune to petrification.


   Skills:
 + Level 2.5 Fighting
 - Level 5.0 Ranged Weapons
 - Level 1.9 Armour
 - Level 1.5 Dodging
 - Level 1.0 Spellcasting
 - Level 2.6 Hexes


You had 5 spell levels left.
You knew the following spells:

 Your Spells              Type           Power      Damage    Failure   Level
a - Slow                  Hex            28%        N/A       21%         1

Your spell library contained the following spells:

 Spells                   Type           Power      Damage    Failure   Level
 Inner Flame              Hex/Fire       4%         N/A       71%         3
 Portal Projectile        Hex/Tloc       8%         N/A       71%         3
 Cause Fear               Hex            3%         N/A       90%         4

Inventory:

Hand Weapons
 Y - a +1 sling (weapon)
Armour
 a - a +1 cloak (worn)
 e - a +0 pair of boots (worn)
 f - a +2 helmet (worn)
 k - a +0 ring mail (worn)
Jewellery
 i - an amulet of faith (around neck)
Scrolls
 b - a scroll of enchant weapon {unknown}
Potions
 d - a potion of enlightenment {unknown}
 h - a potion of curing {unknown}
 j - a potion of degeneration {unknown}
 l - a potion of invisibility {unknown}
 m - a potion of heal wounds {unknown}

Dungeon Overview and Level Annotations

Branches:
Dungeon (4/15)
 Temple: D:4-7

Altars:

Annotations:
D:4 3 runed translucent doors


Message History

The sling bullet barely misses the centaur.
The sling bullet hits the iguana.
The iguana is moderately wounded.
The centaur shoots an arrow.
The arrow hits you but does no damage.
The centaur shoots an arrow.
The arrow barely misses you.
You shoot a sling bullet. The sling bullet hits the centaur.
The centaur is moderately wounded.
The centaur shoots an arrow.
The arrow hits you.
The centaur shoots an arrow.
The arrow closely misses you.
You shoot a sling bullet.
The sling bullet barely misses the centaur.
The sling bullet hits the iguana but does no damage.
The iguana is moderately wounded.
The centaur shoots an arrow.
The arrow hits you.
You shoot a sling bullet.
The sling bullet barely misses the centaur.
The sling bullet barely misses the iguana.
The centaur shoots an arrow.
The arrow closely misses you.
The centaur shoots an arrow.
The arrow hits you.
You shoot a sling bullet. The sling bullet hits the centaur.
The centaur is heavily wounded.
The centaur shoots an arrow.
The arrow hits you.
The centaur shoots an arrow.
The arrow barely misses you.
You shoot a sling bullet.
The sling bullet closely misses the centaur.
The sling bullet barely misses the iguana.
The centaur shoots an arrow.
The arrow hits you.
You shoot a sling bullet. The sling bullet hits the centaur.
The centaur is severely wounded.
The centaur shoots an arrow.
The arrow hits you but does no damage.
The centaur shoots an arrow.
The arrow hits you.
You shoot a sling bullet. The sling bullet hits the centaur.
The centaur is severely wounded.
The centaur shoots an arrow.
The arrow hits you.
The centaur shoots an arrow.
The arrow hits you.
You shoot a sling bullet.
The sling bullet barely misses the centaur.
The sling bullet closely misses the iguana.
The centaur shoots an arrow.
The arrow hits you!
You die...

#...# #...# #...#
######...######
##..............
...............#
#.............#
..######...######
...lc..@.....#
..####.....#.#
#.....#.#
#.......#.#
#.#..####.#
....... ..#
.#.#### #.. #.#.
#.. ...


You could see a centaur and an iguana.

Vanquished Creatures
  2 hounds
  3 gnolls (D:2)
  3 adders
  3 worms (D:2)
  3 dart slugs (D:1)
  2 endoplasms (D:1)
  3 giant cockroaches
  5 goblins
  8 hobgoblins
  9 jackals
  5 kobolds
  4 quokkas
  5 ball pythons
  8 bats
  2 frilled lizards
  6 rats
71 creatures vanquished.

Notes
Turn   | Place    | Note
-------+----------+-------------------------------------------
     0 | D:1      | qw the Gargoyle Hexslinger began the quest for the Orb.
     0 | D:1      | Reached XP level 1. HP: 12/12 MP: 2/2
     0 | D:1      | 0 ||| qw: Version: 0.3-a-52-g30416fa
     0 | D:1      | 0 ||| qw: Game counter: 4614
     0 | D:1      | 0 ||| qw: Melee chars always use a shield: true
     0 | D:1      | 0 ||| qw: God list: Okawaru
     0 | D:1      | 0 ||| qw: Allow faded altars: false
     0 | D:1      | 0 ||| qw: Do Orc after clearing Dungeon:15 true
     0 | D:1      | 0 ||| qw: Do second Lair branch before Depths: true
     0 | D:1      | 0 ||| qw: Lair rune preference: random
     0 | D:1      | 0 ||| qw: Goals: Normal
     0 | D:1      | 0 ||| PLANNING D:1-11
   236 | D:1      | Found a faded altar of an unknown god.
   255 | D:1      | Reached XP level 2. HP: 15/16 MP: 3/3
   272 | D:1      | 272 ||| FLEEEEING.
   301 | D:1      | Reached skill level 3 in Ranged Weapons
   497 | D:1      | Reached XP level 3. HP: 21/21 MP: 4/4
   609 | D:1      | 609 ||| UPGRADING to +0 pair of boots.
   614 | D:1      | 614 ||| UPGRADING to +2 helmet.
   619 | D:1      | 619 ||| UPGRADING to +0 leather armour.
   629 | D:1      | 629 ||| DROPPING +0 robe.
   630 | D:1      | 630 ||| DROPPING scroll of poison.
   689 | D:2      | HP: 5/21 [jackal (2)]
   694 | D:2      | HP: 5/21 [jackal (2)]
   699 | D:2      | HP: 4/21 [jackal (1)]
   707 | D:2      | HP: 3/21 [jackal (2)]
  1198 | D:2      | Reached skill level 4 in Ranged Weapons
  1198 | D:2      | Reached XP level 4. HP: 24/26 MP: 5/5
  1437 | D:2      | Reached XP level 5. HP: 30/30 MP: 6/6
  1726 | D:2      | 1726 ||| UPGRADING to +0 ring mail.
  1736 | D:2      | 1736 ||| DROPPING +0 leather armour.
  1737 | D:2      | 1737 ||| UPGRADING to amulet of faith.
  1742 | D:2      | 1742 ||| READING scroll labelled ELUUCI ONKATHRO.
  1743 | D:2      | 1743 ||| READING scroll labelled XOKOEL EQOSYITT.
  1893 | D:3      | Reached skill level 1 in Armour
  1924 | D:3      | Reached skill level 5 in Ranged Weapons
  2255 | D:3      | 2255 ||| UPGRADING to +1 cloak.
  2260 | D:3      | 2260 ||| READING scroll labelled ETHREO TEUGIAP.
  2273 | D:4      | Found a runed translucent gate.
  2273 | D:4      | Found a runed translucent gate.
  2273 | D:4      | Found a runed translucent gate.
  2343 | D:4      | You fall into a shaft and drop 3 floors!
  2356 | D:7      | Noticed a centaur
  2368 | D:7      | HP: 7/31 [centaur/arrow (1)]
  2369 | D:7      | Shot with an arrow by a centaur

Levels and vault maps discovered:
D:1:      lordsloth_arrival_two_stooges, layout_loops_ring,
          shapermc_ecumenical_altar_totnotflames
D:2:      layout_basic
D:3:      layout_rooms, nicolae_concentric_dashed_squares_wild, minivault_23
D:4:      layout_cave_pools, grunt_temple_overflow_cloverleaf,
          ebering_ghost_rock_garden
D:7:      layout_loops_cross, minmay_temple_entry_offerings, sigmund_army

Skill      XL: |  1  2  3  4  5 |
---------------+----------------+-----
Ranged Weapons | 3 4 5 |  5.0
Fighting       | 2 |  2.5
Armour         | 1 |  1.9
Dodging        | |  1.5
Spellcasting   | |  1.0
Hexes          | |  2.6

Action                     |  1- 3 |  4- 6 || total
---------------------------+-------+-------++-------
   Fire: Sling             |   137 |   160 ||   297
    Use: Scroll            |       |     3 ||     3
 Armour: Robe              |    12 |       ||    12
         Leather armour    |    74 |     9 ||    83
         Ring mail         |       |    40 ||    40
  Dodge: Dodged            |   106 |    61 ||   167

Table legend:
 A = Non-vault XP
 B = Vault XP
 C = Vault XP percentage of total XP
 D = Non-vault monster count
 E = Vault monster count
 F = Vault count percentage of total count
                 A         B        C        D         E       F
            +---------+---------+-------+---------+---------+-------
      Total |     288 |       0 |   0.0 |      71 |       0 |   0.0
            +---------+---------+-------+---------+---------+-------
        D:1 |      37 |       0 |   0.0 |      18 |       0 |   0.0
        D:2 |     156 |       0 |   0.0 |      29 |       0 |   0.0
        D:3 |      89 |       0 |   0.0 |      21 |       0 |   0.0
        D:4 |       6 |       0 |   0.0 |       3 |       0 |   0.0
            +---------+---------+-------+---------+---------+-------
